 Dungeon Crawl Stone Soup version 0.27.1-3-gb3d3a73c9e (webtiles) character file.

Game seed: 12224376508788161643

20941 belegose the Nimble (level 12, -1/103 HPs)
             Began as a Ghoul Artificer on Oct 12, 2021.
             Was a Believer of Makhleb.
             Slain by a seven-headed hydra (4 damage)
             ... on level 3 of the Lair of Beasts.
             The game lasted 00:56:08 (22627 turns).

belegose the Nimble (Ghoul Artificer)              Turns: 22627, Time: 00:56:09

Health: -1/103     AC: 16    Str: 19    XL:     12   Next: 84%
Magic:  0/14       EV:  9    Int:  8    God:    Makhleb [**....]
Gold:   721        SH: 15    Dex: 21    Spells: 11/11 levels left

rFire    + . .     SeeInvis .   a - +1 dagger (elec)
rCold    + . .     Faith    .   O - +0 tower shield
rNeg     + + +     Spirit   +   Q - +2 chain mail {rF+}
rPois    ∞         Reflect  .   U - +0 helmet
rElec    .         Harm     .   l - +0 cloak
rCorr    .         Rampage  .   (no gloves)
Will     .....                  S - +0 pair of boots
Stlth    ..........             y - amulet of guardian spirit
HPRegen  0.00/turn              D - +6 ring of dexterity
MPRegen  0.14/turn              C - +6 ring of dexterity

@: mighty, inhibited regen, studying Dodging
A: claws 1, cold resistance 1, negative energy resistance 3, inhibited
regeneration, torment resistance 2
a: Renounce Religion, Minor Destruction


You were on level 3 of the Lair of Beasts.
You worshipped Makhleb.
Makhleb was pleased with you.
You visited 3 branches of the dungeon, and saw 14 of its levels.
You also visited: Ossuary.

You collected 721 gold pieces.

Inventory:

Hand Weapons
 a - a +1 dagger of electrocution (weapon)
 b - a +2 spear of venom
 V - the +8 quarterstaff "Suriakaph" {pain, rPois Will- rCorr}
   (You found it on level 1 of the Lair of Beasts)

   In the hands of one skilled in necromantic magic, it inflicts extra damage on
   living creatures.
   rPois:     It protects you from poison.
   rCorr:     It protects you from acid and corrosion.
   Will:      It decreases your willpower.
Missiles
 g - 2 curare-tipped darts
 h - 334 stones
 t - 8 throwing nets
 z - 4 javelins
 F - 61 poisoned darts
 M - 6 boomerangs (quivered)
Armour
 l - a +0 cloak (worn)
 O - a +0 tower shield (worn)
 Q - a +2 chain mail of fire resistance (worn)
 S - a +0 pair of boots (worn)
 U - a +0 helmet (worn)
Magical Staves
 N - a staff of fire
Jewellery
 y - an amulet of guardian spirit (around neck)
 C - a +6 ring of dexterity (right claw)
 D - a +6 ring of dexterity (left claw)
 E - a ring of see invisible
Wands
 c - a wand of flame (29)
 d - a wand of charming (7)
 B - a wand of paralysis (10)
 T - a wand of polymorph (12)
Scrolls
 k - 4 scrolls of fog
 o - 3 scrolls of holy word {unknown}
 p - 3 scrolls of immolation {unknown}
 q - 4 scrolls of amnesia {unknown}
 r - a scroll of blinking {unknown}
 v - 2 scrolls of magic mapping {unknown}
 w - 2 scrolls of fear {unknown}
 G - 3 scrolls of enchant weapon {unknown}
 H - 2 scrolls of teleportation {unknown}
 J - a scroll of brand weapon {unknown}
 K - a scroll of torment {unknown}
 R - a scroll of silence {unknown}
Potions
 f - 11 potions of curing
 i - 4 potions of heal wounds
 j - 2 potions of flight {unknown}
 m - 2 potions of attraction {unknown}
 n - 4 potions of might
 s - 2 potions of degeneration {unknown}
 u - 3 potions of cancellation {unknown}
 x - 5 potions of resistance
 A - 3 potions of magic
 I - 2 potions of haste {unknown}
 L - 2 potions of invisibility {unknown}
Miscellaneous
 e - a piece from Xom's chessboard (15/15)


   Skills:
 - Level 8.6 Fighting
 - Level 5.1 Short Blades
 - Level 6.8 Polearms
 - Level 6.8 Throwing
 - Level 6.6 Armour
 - Level 10.0 Dodging
 - Level 3.9 Stealth
 + Level 5.5 Shields
 + Level 4.1 Invocations
 - Level 7.9 Evocations


You had 11 spell levels left.
You didn't know any spells.
Your spell library contained the following spells:

 Spells                   Type           Power      Damage    Failure   Level
 Apportation              Tloc           0%         N/A       100%        1
 Magic Dart               Conj           0%         1d3       100%        1
 Pain                     Necr           0%         1d4       100%        1
 Sting                    Tmut/Pois      0%         1d3       100%        1
 Call Imp                 Summ           0%         N/A       100%        2
 Poisonous Vapours        Pois/Air       0%         N/A       100%        2
 Searing Ray              Conj           0%         3d3       100%        2
 Static Discharge         Conj/Air       0%         N/A       100%        2
 Inner Flame              Hex/Fire       0%         N/A       100%        3
 Mephitic Cloud           Conj/Pois/Air  0%         N/A       100%        3
 Airstrike                Air            0%         N/A       100%        4
 Animate Dead             Necr           0%         N/A       100%        4
 Cause Fear               Hex            0%         N/A       100%        4
 Fulminant Prism          Conj/Hex       0%         3d6       100%        4
 Olgreb's Toxic Radiance  Pois           0%         N/A       100%        4
 Petrify                  Tmut/Erth      0%         N/A       100%        4
 Summon Lightning Spire   Summ/Air       0%         N/A       100%        4
 Agony                    Necr           0%         N/A       100%        5
 Alistair's Intoxication  Tmut/Pois      0%         N/A       100%        5
 Borgnjor's Vile Clutch   Necr/Erth      0%         N/A       100%        5
 Excruciating Wounds      Necr           0%         N/A       100%        5
 Lightning Bolt           Conj/Air       0%         1d11      100%        5
 Metabolic Englaciation   Hex/Ice        0%         N/A       100%        5
 Death Channel            Necr           0%         N/A       100%        6
 Invisibility             Hex            0%         N/A       100%        6
 Spellforged Servitor     Conj/Summ      0%         N/A       100%        7
 Discord                  Hex            0%         N/A       100%        8
 Statue Form              Tmut/Erth      Unusable   N/A       N/A         6

Dungeon Overview and Level Annotations

Branches:
Dungeon (10/15)            Temple (1/1) D:6            Lair (3/6) D:8
    Orc (0/2) D:10        Ossuary (visited)
  Swamp: Lair:2-4    Shoals: Lair:2-4     Snake: Lair:2-4    Spider: Lair:2-4

Altars:
Ashenzari
Dithmenos
Elyvilon
Fedhas
Gozag
Hepliaklqana
Kikubaaqudgha
Makhleb
Nemelex Xobeh
Okawaru
Qazlal
Ru
Sif Muna
Trog
Uskayaw
Vehumet
Wu Jian
Xom
Yredelemnul
Zin
The Shining One

Shops:
D:5 :

Annotations:
D:3 Whoops's ghost, amateur DjFi
D:7 exclusion: downstairs
D:8 2 transporters
Lair:2 exclusion: downstairs


Innate Abilities, Weirdness & Mutations

You thrive by killing the living.
You are immune to poison.
You have sharp fingernails.
Your flesh is cold resistant. (rC+)
You are immune to negative energy. (rN+++)
You do not regenerate when monsters are visible.
You are immune to unholy pain and torment.


Message History

The seven-headed hydra bites you!
* * * LOW HITPOINT WARNING * * *
You hit the seven-headed hydra.
The seven-headed hydra is severely wounded.
You block the seven-headed hydra's attack.
The seven-headed hydra bites you but does no damage.
The seven-headed hydra bites you!
* * * LOW HITPOINT WARNING * * *
The seven-headed hydra bites you but does no damage.
The seven-headed hydra barely misses you.
You block the seven-headed hydra's attack.
The seven-headed hydra barely misses you.
You feel much better.
The seven-headed hydra bites you but does no damage.
The seven-headed hydra closely misses you.
You block the seven-headed hydra's attack.
The seven-headed hydra bites you!
* * * LOW HITPOINT WARNING * * *
The seven-headed hydra barely misses you.
You block the seven-headed hydra's attack. x2
You puncture the seven-headed hydra!
The seven-headed hydra is almost dead.
The seven-headed hydra closely misses you.
You block the seven-headed hydra's attack.
The seven-headed hydra bites you!
* * * LOW HITPOINT WARNING * * *
You block the seven-headed hydra's attack.
The seven-headed hydra bites you but does no damage.
You block the seven-headed hydra's attack.
The seven-headed hydra closely misses you.
The seven-headed hydra bites you.
* * * LOW HITPOINT WARNING * * *
The seven-headed hydra bites you.
* * * LOW HITPOINT WARNING * * *
The seven-headed hydra bites you.
* * * LOW HITPOINT WARNING * * *
You block the seven-headed hydra's attack.
The seven-headed hydra completely misses you.
The seven-headed hydra bites you.
You die...

#...##.#P.....###......
###...#....^....<........
#...D..##...##.#...#.....
##.<..########D#######P.P
#...## #..# #.... ###.#
##..# ##...
########.#P.#######...
##...#.##..#.##.#:...
#...@D..............#
#.#.####.##P##..###.# #
### #.######### #.# ###
.. .# .. ..


You could see a seven-headed hydra.

Vanquished Creatures
  2 hydras
  A two-headed ogre (D:9)
  A death yak (Lair:2)
  Pikel (D:7)
  An oklob plant (Lair:2)
  4 elephants
  Joseph (D:8)
  A rime drake (Lair:2)
  A torpor snail (Lair:2)
  4 cane toads
  2 komodo dragons
  A polar bear (Lair:1)
  A hornet (D:7)
  3 orc warriors
  35 yaks
  5 wyverns
  A basilisk (D:8)
  A steam dragon (D:8)
  Eustachio (D:5)
  A vampire mosquito (D:8)
  11 water moccasins
  An ice beast (D:6)
  5 black bears
  A sky beast (D:6)
  4 ogres
  8 wolves
  3 centaurs
  2 phantoms
  A lemure (D:7)
  6 kobold brigands
  Blork the orc (D:4)
  An elf zombie (Ossuary)
  7 bullfrogs
  A gnoll sergeant (D:7)
  2 scorpions
  16 wights
  An electric eel (Lair:2)
  A bullfrog zombie (D:6)
  3 centaur zombies
  4 bullfrog skeletons
  A hound (D:5)
  A human zombie (Ossuary)
  A jelly (D:6)
  An orc priest (D:7)
  4 iguanas
  A centaur skeleton (D:6)
  A scorpion zombie (D:5)
  Natasha (thrice) (D:3)
  2 orc wizards
  A killer bee zombie (D:8)
  3 hound skeletons (D:4)
  2 mummies (Ossuary)
  A howler monkey zombie (D:8)
  18 gnolls
  5 adders
  A shadow imp (D:5)
  2 white imps
  An ufetubus (D:6)
  3 adder zombies
  2 adder skeletons (D:4)
  3 worms
  2 dart slugs
  15 orcs
  6 endoplasms
  6 goblins
  13 hobgoblins
  35 kobolds
  A quokka (D:5)
  5 ball pythons
  4 bats
  3 goblin zombies (Ossuary)
  14 hobgoblin zombies (Ossuary)
  2 jackal zombies (Ossuary)
  8 kobold zombies (Ossuary)
  5 orc zombies (Ossuary)
  3 rats
  A rat zombie (Ossuary)
327 creatures vanquished.

Vanquished Creatures (collateral kills)
  A yak (D:8)
  A vampire mosquito (D:8)
  3 wolves (Lair:1)
  A worm zombie (D:4)
  A giant cockroach (D:4)
  A goblin zombie (D:4)
  A kobold zombie (D:4)
9 creatures vanquished.

Vanquished Creatures (others)
  A yak (D:8)
  A vampire mosquito (D:8)
  A black bear (D:5)
  4 bushes (D:8)
  17 fungi
  50 plants
74 creatures vanquished.

Grand Total: 410 creatures vanquished

Notes
Turn   | Place    | Note
-------+----------+-------------------------------------------
     0 | D:1      | belegose the Ghoul Artificer began the quest for the Orb.
     0 | D:1      | Reached XP level 1. HP: 16/16 MP: 0/0
   402 | D:1      | Reached XP level 2. HP: 23/23 MP: 1/1
   833 | D:1      | Found a faded altar of an unknown god.
  1065 | D:2      | Reached XP level 3. HP: 25/28 MP: 2/2
  1162 | D:2      | Reached skill level 1 in Dodging
  1258 | D:2      | Reached skill level 1 in Short Blades
  1789 | D:2      | Reached XP level 4. HP: 14/35 MP: 3/3
  2267 | D:3      | Noticed Natasha
  2273 | D:3      | Killed Natasha
  2312 | D:3      | Found a shadowy altar of Dithmenos.
  2444 | D:3      | Noticed Natasha
  2456 | D:3      | Killed Natasha
  2457 | D:3      | Reached XP level 5. HP: 30/40 MP: 4/4
  2708 | D:3      | Noticed Natasha
  2721 | D:3      | Killed Natasha
  2795 | D:3      | Found a hazy altar of Hepliaklqana.
  2941 | D:3      | Got Vehumet's Catalogue of Attacks
  3046 | D:4      | Noticed a black bear
  3178 | D:4      | Noticed an ogre
  3313 | D:4      | Reached XP level 6. HP: 30/48 MP: 5/5
  3319 | D:4      | Found a sand-covered staircase.
  3333 | Ossuary  | Entered an ossuary
  4236 | D:4      | Noticed Blork the orc
  4318 | D:4      | Killed Blork the orc
  4319 | D:4      | Reached XP level 7. HP: 55/55 MP: 6/6
  4610 | D:4      | Reached skill level 2 in Dodging
  4883 | D:4      | Reached skill level 5 in Short Blades
  5146 | D:4      | Identified the +3 spear of the Ageing Messenger {chaos,
                  | rN+}
  5168 | D:4      | Found a transporter.
  5206 | D:4      | Found a transporter.
  5231 | D:4      | Noticed Whoops's ghost (amateur DjFi)
  6040 | D:4      | Paralysed by a gnoll for 5 turns
  7109 | D:5      | Entered Level 5 of the Dungeon
  7119 | D:5      | Reached XP level 8. HP: 57/62 MP: 7/7
  7187 | D:5      | Found Yre Poi's Book Shoppe.
  7285 | D:5      | Noticed Eustachio
  7348 | D:5      | Killed Eustachio
  7349 | D:5      | Reached skill level 1 in Polearms
  7349 | D:5      | Reached skill level 1 in Throwing
  7547 | D:4      | Reached skill level 3 in Dodging
  8569 | D:5      | Reached skill level 4 in Dodging
  8911 | D:5      | Reached XP level 9. HP: 68/71 MP: 5/8
  8958 | D:5      | Found a stormy altar of Qazlal.
  9099 | D:5      | Identified the +2 robe of Barnacled Life {Harm rElec Regen+
                  | Slay-5}
  9582 | D:6      | Found a sparkling altar of Nemelex Xobeh.
  9835 | D:6      | Reached skill level 5 in Armour
  9835 | D:6      | Reached skill level 5 in Evocations
  9841 | D:6      | Found an opulent altar of Gozag.
  9867 | D:6      | Reached skill level 5 in Dodging
  9936 | D:6      | Found a staircase to the Ecumenical Temple.
 10424 | D:7      | Noticed Pikel
 10443 | D:7      | Killed Pikel
 10444 | D:7      | Reached skill level 5 in Fighting
 10593 | D:7      | Reached skill level 6 in Dodging
 10606 | D:7      | Reached XP level 10. HP: 57/81 MP: 7/9
 11598 | Temple   | Entered the Ecumenical Temple
 11854 | D:8      | Noticed Joseph
 12364 | D:8      | Killed Joseph
 12464 | D:8      | Found a bloodstained altar of Trog.
 12857 | D:7      | Reached skill level 7 in Dodging
 13122 | D:8      | Noticed a kobold demonologist
 13123 | D:8      | Noticed an orc sorcerer
 13126 | D:8      | Found a transporter.
 13883 | D:8      | Reached skill level 5 in Throwing
 14005 | D:7      | Reached skill level 5 in Polearms
 14090 | D:8      | Reached XP level 11. HP: 80/91 MP: 8/10
 14222 | D:8      | Found a burning altar of Makhleb.
 14231 | D:8      | Became a worshipper of Makhleb the Destroyer
 14344 | D:8      | Found a transporter.
 15052 | D:8      | Reached skill level 8 in Dodging
 15057 | D:8      | Reached skill level 1 in Shields
 15117 | D:8      | Reached * piety under Makhleb
 15179 | D:8      | Found a shimmering blue altar of Sif Muna.
 15235 | D:8      | Found a staircase to the Lair.
 15538 | D:9      | Noticed a two-headed ogre
 16125 | D:9      | Killed a two-headed ogre
 16562 | D:10     | Entered Level 10 of the Dungeon
 16562 | D:10     | Noticed a two-headed ogre
 16693 | D:10     | Found a staircase to the Orcish Mines.
 16795 | Lair:1   | Entered Level 1 of the Lair of Beasts
 18105 | Lair:1   | Noticed a four-headed hydra
 18133 | Lair:1   | Killed a four-headed hydra
 18454 | Lair:1   | Reached ** piety under Makhleb
 18500 | D:8      | Reached skill level 9 in Dodging
 19015 | D:8      | Reached XP level 12. HP: 101/101 MP: 9/11
 19226 | Lair:1   | Identified the +8 quarterstaff "Suriakaph" {pain, rPois
                  | Will- rCorr}
 19545 | Lair:2   | Noticed a death yak
 20251 | Lair:2   | Noticed an eight-headed hydra
 20440 | Lair:2   | Killed an eight-headed hydra
 20986 | Lair:1   | Reached skill level 10 in Dodging
 21367 | Lair:2   | Killed a death yak
 21368 | Lair:2   | Reached skill level 1 in Invocations
 21897 | Lair:3   | Noticed a seven-headed hydra
 22106 | Lair:2   | Reached skill level 5 in Shields
 22277 | Lair:2   | Reached *** piety under Makhleb
 22627 | Lair:3   | HP: 4/103 [seven-headed hydra (6)]
 22627 | Lair:3   | Slain by a seven-headed hydra

Illustrated notes

Levels and vault maps discovered:
D:1:      minmay_arrival_jagged, layout_loops_cross,
          hellmonk_ecumenical_altar_zigzags
D:2:      layout_rooms
D:3:      layout_basic, mainiacjoe_overflow_chevrons, lemuel_round_altar,
          uniq_natasha
D:4:      layout_gridville, lemuel_tele_altar, enter_ossuary_3,
          gammafunk_ghost_gnarly_gnolls, eino_tiny_chamber, uniq_blork_the_orc
D:5:      layout_loops_ring, nicolae_qazlal_style_of_elements, serial_shops,
          shop_fountains, uniq_eustachio
D:6:      layout_cave_pools, kennysheep_mini, mainiacjoe_overflow_tiny_flanked,
          minmay_temple_entry_from_below_b
D:7:      layout_loops_ring, uniq_pikel
D:8:      gammafunk_wand_slinger, layout_rooms, lemuel_coloured_pillars_altar,
          trog_ov_bears_minmay, lemuel_round_altar,
          mainiacjoe_overflow_cross_hatched, minmay_lair_entry_grove,
          uniq_joseph
D:9:      layout_rooms, serial_bayou_crossing
D:10:     layout_loops_ring, nicolae_overflow_crystal_walls, orc_0_dummy,
          uniq_nergalle
Temple:   jpeg_temple_clearing
Lair:1:   layout_big_grid
Lair:2:   layout_misc_corridors, grunt_megastairs_3, serial_bayou_shore_a,
          lemuel_fruit_fields, minmay_lair_oklob_chamber
Lair:3:   layout_small_grid, minmay_swamp_entry_worms,
          guppyfry_snake_entry_island, lemuel_fruit_tree, grunt_megastairs_4

Skill      XL: |  1  2  3  4  5  6  7  8  9 10 11 12 |
---------------+-------------------------------------+-----
Evocations     | 3 4 5 6 7 |  7.9
Armour         | 2 3 4 5 6 |  6.6
Dodging        | 1 2 4 6 7 9 10 | 10.0
Short Blades   | 1 2 3 4 5 |  5.1
Fighting       | 2 4 5 6 7 8 |  8.6
Polearms       | 2 3 5 6 |  6.8
Throwing       | 2 3 5 6 |  6.8
Shields        | 3 5 |  5.5
Stealth        | 3 |  3.9
Invocations    | 4 |  4.1

Action                   |  1- 3 |  4- 6 |  7- 9 | 10-12 || total
-------------------------+-------+-------+-------+-------++-------
Melee: Club              |    18 |       |       |       ||    18
       Mace              |     8 |       |       |       ||     8
       Dagger            |    90 |   238 |   181 |   313 ||   822
       Spear             |       |       |   144 |   781 ||   925
       Quarterstaff      |       |       |       |    15 ||    15
Throw: Javelin           |       |     2 |     5 |     4 ||    11
       Stone             |       |       |     1 |       ||     1
       Dart              |       |       |       |    23 ||    23
       Boomerang         |       |       |       |    14 ||    14
Evoke: Piece from Xom's  |       |     5 |    10 |     8 ||    23
       Wand              |       |     8 |     6 |    13 ||    27
  Use: Scroll            |       |       |       |     6 ||     6
       Potion            |       |       |       |     2 ||     2
 Stab: Sleeping          |     1 |     1 |       |       ||     2
       Paralysed         |       |     2 |       |    12 ||    14
       Confused          |       |       |       |     2 ||     2
       Distracted        |       |       |       |     1 ||     1
Armor: Leather armour    |     9 |       |       |       ||     9
       Ring mail         |    35 |    54 |     1 |       ||    90
       Chain mail        |       |       |   116 |   408 ||   524
Dodge: Dodged            |    60 |    95 |   131 |   424 ||   710
Block: Tower shield      |       |       |       |   604 ||   604
